 Dungeon Crawl Stone Soup version 0.27.0-1-g7a089689b8 (webtiles) character file.

Game seed: 1508500556415441701

127 Sin92 the Shield-Bearer (level 4, -5/40 HPs)
             Began as a Minotaur Fighter on Aug 11, 2021.
             Slain by a kobold (16 damage)
             ... in a sewer.
             The game lasted 00:02:28 (2335 turns).

Sin92 the Shield-Bearer (Minotaur Fighter)          Turns: 2335, Time: 00:02:28

Health: -5/40      AC:  7    Str: 21    XL:     4   Next: 85%
Magic:  3/3        EV:  8    Int:  5    God:
Gold:   129        SH:  9    Dex: 10    Spells: 3/3 levels left

rFire    . . .     SeeInvis .   a - +0 long sword
rCold    . . .     Faith    .   c - +0 kite shield
rNeg     . . .     Spirit   .   b - +0 scale mail
rPois    .         Reflect  .   (helmet restricted)
rElec    .         Harm     .   (no cloak)
rCorr    .         Rampage  .   (no gloves)
Will     .....                  (no boots)
Stlth    ..........             (no amulet)
HPRegen  0.13/turn              (no ring)
MPRegen  0.08/turn              (no ring)

@: no status effects
A: horns 2, retaliatory headbutt
a: no special abilities


You were in a sewer.
You visited 1 branch of the dungeon, and saw 3 of its levels.
You also visited: Sewer.

You collected 129 gold pieces.

Inventory:

Hand Weapons
 a - a +0 long sword (weapon)
Armour
 b - a +0 scale mail (worn)
 c - a +0 kite shield (worn)
Jewellery
 h - a +6 ring of dexterity
Scrolls
 e - 2 scrolls of identify
 f - a scroll of noise {unknown}
 g - a scroll of teleportation
Potions
 d - 2 potions of might
 i - a potion of invisibility {unknown}


   Skills:
 + Level 4.2 Fighting
 * Level 4.0 Long Blades
 + Level 4.3 Armour
 + Level 1.8 Dodging
 + Level 4.3 Shields


You had 3 spell levels left.
You didn't know any spells.
Your spell library contained the following spells:

 Spells                   Type           Power      Damage    Failure   Level
 Shock                    Conj/Air       0%         1d3       99%         1
 Swiftness                Air            0%         N/A       100%        3
 Airstrike                Air            0%         N/A       100%        4
 Petrify                  Tmut/Erth      0%         N/A       100%        4
 Metabolic Englaciation   Hex/Ice        0%         N/A       100%        5
 Statue Form              Tmut/Erth      0%         N/A       100%        6


Dungeon Overview and Level Annotations

Branches:
Dungeon (3/15)              Sewer (1/1)

Altars:
Yredelemnul


Innate Abilities, Weirdness & Mutations

You have a pair of horns on your head.
You reflexively headbutt those who attack you in melee.


Message History

You barely miss the kobold. You headbutt the kobold.
You kill the kobold!
You block the kobold's attack.
The kobold hits you with a +2 dagger of electrocution.
Unknown command.
There are monsters nearby!
You hit the kobold but do no damage. You block the kobold's attack.
The kobold hits you but does no damage.
You are electrocuted!
Unknown command.
You hit the kobold. You headbutt the kobold.
You kill the kobold!
The kobold hits you with a +2 dagger of electrocution.
You block the kobold's attack.
A kobold is nearby!
Unknown command.
You are too injured to fight recklessly!
A kobold is nearby!
Unknown command.
You are too injured to fight recklessly!
A kobold is nearby!
You are too injured to fight recklessly!
Unknown command.
A kobold is nearby!
You are too injured to fight recklessly!
Unknown command.
A kobold is nearby!
You are too injured to fight recklessly!
You barely miss the kobold. Your headbutt misses the kobold.
The kobold hits you but does no damage.
You closely miss the kobold.
The kobold hits you with a +2 dagger of electrocution.
You closely miss the kobold.
The kobold hits you with a +2 dagger of electrocution.
* * * LOW HITPOINT WARNING * * *
The kobold barely misses you. You furiously retaliate!
You headbutt the kobold, but do no damage.
You hit the kobold.
The kobold is moderately wounded.
The kobold hits you but does no damage.
You are electrocuted!
You die...

##....≈≈≈≈≈≈≈
##...≈≈≈≈≈≈≈
#...≈≈≈≈≈≈≈
##...≈≈≈≈≈≈≈
#....≈≈≈≈≈≈≈
#....≈≈≈≈≈≈≈
##...≈≈≈≈≈≈≈
#...≈≈≈≈≈≈≈
###@####≈#≈
#.))K.# ≈
#.....#
##...## .....
#).#.!# ###
### ≈≈≈ ≈≈≈


You could see a kobold.

Vanquished Creatures
  2 adders
  3 river rats (Sewer)
  3 worms (D:2)
  2 dart slugs
  4 endoplasms
  5 giant cockroaches
  3 goblins
  4 hobgoblins
  8 jackals (D:2)
  7 kobolds
  A quokka (D:3)
  8 ball pythons
  3 bats
  8 frilled lizards
  10 rats
71 creatures vanquished.

Notes
Turn   | Place    | Note
-------+----------+-------------------------------------------
     0 | D:1      | Sin92 the Minotaur Fighter began the quest for the Orb.
     0 | D:1      | Reached XP level 1. HP: 19/19 MP: 0/0
   298 | D:1      | Reached XP level 2. HP: 27/27 MP: 1/1
   913 | D:2      | Reached skill level 1 in Dodging
   975 | D:2      | Reached XP level 3. HP: 33/33 MP: 2/2
  1510 | D:2      | Found a faded altar of an unknown god.
  1690 | D:2      | Found a basalt altar of Yredelemnul.
  1849 | D:3      | Reached XP level 4. HP: 40/40 MP: 3/3
  1996 | D:3      | Found a glowing drain.
  2031 | Sewer    | Entered a sewer
  2335 | Sewer    | Slain by a kobold

Illustrated notes

Levels and vault maps discovered:
D:1:      shiori_shiawase, layout_basic
D:2:      layout_loops_ring, basic_altar,
          dreamdust_ecumenical_altar_angels_and_demons, serial_bayou_pond_c,
          grunt_decor_cap
D:3:      layout_rooms, gup_sewer_entry_glass, chequers_serial_rivers_small_a
Sewer:    sewer_minmay_treatment

Skill      XL: |  1  2  3  4 |
---------------+-------------+-----
Long Blades    | 3 4 |  4.0
Dodging        | 1 |  1.8
Armour         | 4 |  4.3
Shields        | 4 |  4.3
Fighting       | 4 |  4.2

Action                   |  1- 3 |  4- 6 || total
-------------------------+-------+-------++-------
Melee: Long sword        |    98 |    52 ||   150
       Headbutt          |    16 |    15 ||    31
  Use: Scroll            |     3 |       ||     3
Armor: Scale mail        |    48 |    23 ||    71
Dodge: Dodged            |    34 |    18 ||    52
Block: Kite shield       |    59 |    41 ||   100
       Rpst.: Long sword |    12 |     4 ||    16
